 Dungeon Crawl Stone Soup version 0.26.0-10-g1f06aea511 (webtiles) character file.

Game seed: 13601393158805029854

3591 septik the Cleaver (level 9, -6/82 HPs)
             Began as a Minotaur Berserker on Jan 29, 2021.
             Was a High Priest of Trog.
             Mangled by a two-headed ogre
             ... wielding a +0 giant spiked club
              (11 damage)
             ... on level 9 of the Dungeon.
             The game lasted 00:12:37 (8080 turns).

septik the Cleaver (Minotaur Berserker)             Turns: 8080, Time: 00:12:37

Health: -6/82      AC: 12    Str: 25    XL:     9   Next: 85%
Magic:  8/8        EV: 11    Int:  4    God:    Trog [*****.]
Gold:   575        SH:  0    Dex: 10    Spells: 8/8 levels left

rFire    + . .     SeeInvis +   B - +4 mace "Hellblazer" {vorpal, rElec Will- SInv}
rCold    x . .     Faith    .   (no shield)
rNeg     . . .     Spirit   .   l - +0 chain mail
rPois    .         Reflect  .   (helmet restricted)
rElec    +         Harm     .   G - +0 cloak
rCorr    .         Rampage  .   (no gloves)
Will     .....                  (no boots)
Stlth    ..........             t - amulet of regeneration
HPRegen  0.63/turn              v - ring of stealth
MPRegen  0.11/turn              C - ring of fire

@: berserk cooldown, slowed, very slow
A: retaliatory headbutt, horns 2
a: Renounce Religion, Berserk, Trog's Hand, Brothers in Arms


You were on level 9 of the Dungeon.
You worshipped Trog.
Trog was extremely pleased with you.
You visited 1 branch of the dungeon, and saw 9 of its levels.

You collected 575 gold pieces.

Inventory:

Hand Weapons
 a - a +0 hand axe
 r - a +2 dagger of electrocution
 y - a +1 whip of electrocution
 B - the +4 mace "Hellblazer" (weapon) {vorpal, rElec Will- SInv}
   (You found it on level 5 of the Dungeon)

   It inflicts extra damage upon your enemies.
   It insulates you from electricity.
   It affects your willpower, your defense against some magical effects.
   It lets you see invisible.
 O - a +0 war axe
Armour
 c - a +2 robe of positive energy
 l - a +0 chain mail (worn)
 G - a +0 cloak (worn)
Jewellery
 b - an uncursed amulet of reflection
 s - an uncursed ring of willpower
 t - an amulet of regeneration (around neck)
 v - a ring of stealth (left hand)
 C - a ring of fire (right hand)
 I - an uncursed ring of resist corrosion
 K - a +6 ring of strength {unknown}
 M - an uncursed ring of ice {unknown}
 P - an uncursed ring of poison resistance {unknown}
Wands
 D - a wand of paralysis (9)
 E - a wand of flame (13)
Scrolls
 e - 2 scrolls of blinking {unknown}
 g - 5 scrolls of fear {unknown}
 h - 3 scrolls of enchant armour {unknown}
 k - a scroll of random uselessness {unknown}
 m - 11 scrolls of identify {unknown}
 n - 3 scrolls of teleportation {unknown}
 o - 2 scrolls of amnesia {unknown}
 p - 3 scrolls of immolation {unknown}
 q - 2 scrolls of noise {unknown}
 u - a scroll of enchant weapon {unknown}
 w - 4 scrolls of remove curse {unknown}
 z - a scroll of magic mapping {unknown}
 N - 2 scrolls of fog {unknown}
Potions
 d - a potion of flight {unknown}
 f - 2 potions of ambrosia {unknown}
 i - a potion of brilliance {unknown}
 j - 8 potions of curing
 x - a potion of might {unknown}
 A - a potion of attraction {unknown}
 F - 2 potions of heal wounds {unknown}
 H - 2 potions of haste
 J - a potion of degeneration {unknown}
 L - a potion of cancellation {unknown}


   Skills:
 + Level 8.4 Fighting
 * Level 11.2 Axes
 + Level 7.9 Armour
 + Level 7.2 Dodging


You had 8 spell levels left.
You didn't know any spells.
Your spell library was empty.

Dungeon Overview and Level Annotations

Branches:
Dungeon (9/15)             Temple (0/1) D:4            Lair (0/6) D:8
    Orc: D:9-12

Altars:
Cheibriados
Dithmenos
Elyvilon
Fedhas
Hepliaklqana
Makhleb
Nemelex Xobeh
Okawaru
Ru
Sif Muna
Uskayaw
Vehumet
Zin

Annotations:
D:7 exclusion: oklob plant


Innate Abilities, Weirdness & Mutations

You reflexively headbutt those who attack you in melee.
You have a pair of horns on your head.


Message History

The two-headed ogre shouts in stereo!
The two-headed ogre hits you with a +0 giant spiked club!
The two-headed ogre hits you with a +0 giant club!!
You're still recovering from your berserk rage.
You hit the two-headed ogre but do no damage.
The two-headed ogre hits you with a +0 giant spiked club!
The two-headed ogre misses you.
You're still recovering from your berserk rage.
Unknown command.
You hit the two-headed ogre.
The two-headed ogre is lightly wounded.
The two-headed ogre hits you with a +0 giant spiked club!!
* * * LOW HITPOINT WARNING * * *
The two-headed ogre misses you.
You barely miss the two-headed ogre.
The two-headed ogre is lightly wounded.
The two-headed ogre hits you with a +0 giant spiked club!
* * * LOW HITPOINT WARNING * * *
The two-headed ogre hits you with a +0 giant club!
You die...

#########
#<......#
#######.# ## #.#
.# ##.###.##
#..@....#
#####...O...#
........)...#
....###.......(.
.....
..........# ?...
#...?......#
....
#........>.. .:.
#..........#
#..........#


You could see a two-headed ogre.

Vanquished Creatures
  Psyche (D:9)
  A komodo dragon (D:8)
  Grinder (D:6)
  A wyvern (D:9)
  Menkaure (D:4)
  A water moccasin (D:8)
  2 orc warriors
  A phantom (D:7)
  3 ice beasts
  A black bear (D:6)
  2 ogres
  A centaur (D:7)
  A bullfrog (D:6)
  2 scorpions
  3 killer bees (D:8)
  3 howler monkeys (D:7)
  2 bullfrog zombies (D:7)
  3 hounds
  5 orc wizards
  4 orc priests
  2 bullfrog skeletons
  2 centaur skeletons
  An iron imp (D:7)
  Jessica (D:3)
  An iguana (D:4)
  Natasha (thrice) (D:4)
  4 worker ants
  A killer bee zombie (D:6)
  2 hound zombies
  A hound skeleton (D:4)
  2 worker ant zombies
  Robin (D:3)
  A howler monkey skeleton (D:4)
  3 gnolls (D:3)
  9 adders
  3 shadow imps
  2 white imps
  An ufetubus (D:6)
  An ooze (D:5)
  2 adder skeletons
  A worm (D:5)
  2 dart slugs (D:1)
  5 leopard geckos
  22 orcs
  A ball python (D:3)
  6 giant cockroaches
  22 goblins
  12 hobgoblins
  6 jackals
  5 quokkas
  11 bats
  4 frilled lizards
  6 kobolds
  4 rats
  3 bushes (D:1)
192 creatures vanquished.

Vanquished Creatures (others)
  6 plants (D:8)
6 creatures vanquished.

Grand Total: 198 creatures vanquished

Notes
Turn   | Place    | Note
-------+----------+-------------------------------------------
     0 | D:1      | septik the Minotaur Berserker began the quest for the Orb.
     0 | D:1      | Reached XP level 1. HP: 19/19 MP: 0/0
   259 | D:1      | Reached XP level 2. HP: 27/27 MP: 1/1
   282 | D:1      | Reached skill level 4 in Axes
   997 | D:2      | Reached XP level 3. HP: 28/33 MP: 2/2
  1352 | D:2      | Reached ** piety under Trog
  1465 | D:2      | Found a radiant altar of Vehumet.
  1577 | D:3      | Found a shadowy altar of Dithmenos.
  1577 | D:3      | Noticed Robin
  1587 | D:3      | Reached XP level 4. HP: 20/40 MP: 3/3
  1868 | D:3      | Killed Robin
  1869 | D:3      | Reached skill level 5 in Axes
  2057 | D:3      | Reached XP level 5. HP: 43/47 MP: 4/4
  2144 | D:3      | Noticed Jessica
  2150 | D:3      | Killed Jessica
  2577 | D:3      | Found a hide-covered altar of Uskayaw.
  2591 | D:3      | Found a hazy altar of Hepliaklqana.
  2593 | D:3      | Found a burning altar of Makhleb.
  2785 | D:4      | Found a sacrificial altar of Ru.
  2875 | D:4      | Noticed Menkaure
  2886 | D:4      | Killed Menkaure
  2887 | D:4      | Reached skill level 5 in Fighting
  2887 | D:4      | Reached skill level 6 in Axes
  2887 | D:4      | Reached XP level 6. HP: 21/56 MP: 5/5
  3243 | D:4      | Reached *** piety under Trog
  3269 | D:4      | Found a staircase to the Ecumenical Temple.
  3410 | D:4      | Noticed Natasha
  3417 | D:4      | Killed Natasha
  3690 | D:4      | Reached XP level 7. HP: 56/61 MP: 6/6
  3840 | D:4      | Noticed Natasha
  3845 | D:4      | Killed Natasha
  3867 | D:4      | Noticed Natasha
  3873 | D:4      | Killed Natasha
  4078 | D:5      | Entered Level 5 of the Dungeon
  4113 | D:5      | Found a blossoming altar of Fedhas.
  4118 | D:5      | Reached skill level 7 in Axes
  4315 | D:5      | Reached skill level 5 in Armour
  4851 | D:5      | Found an iron altar of Okawaru.
  4861 | D:5      | Got a shimmering mace
  4862 | D:5      | Identified the +4 mace "Hellblazer" {vorpal, rElec Will-
                  | SInv} (You found it on level 5 of the Dungeon)
  5385 | D:6      | Reached skill level 8 in Axes
  5385 | D:6      | Reached skill level 5 in Dodging
  5385 | D:6      | Reached XP level 8. HP: 70/70 MP: 7/7
  5490 | D:6      | Reached **** piety under Trog
  5552 | D:6      | Noticed Grinder
  5561 | D:6      | Killed Grinder
  5795 | D:6      | Reached skill level 9 in Axes
  6318 | D:7      | Found a glowing silver altar of Zin.
  6318 | D:7      | Noticed an oklob plant
  6472 | D:7      | Reached XP level 9. HP: 52/79 MP: 8/8
  6817 | D:7      | Got an ancient robe
  6828 | D:7      | Identified the +0 robe of Atheism {rC++ Will+ Int-4 Stlth+}
                  | (You found it on level 7 of the Dungeon)
  6828 | D:7      | Lost intelligence.
  6884 | D:7      | Reached skill level 10 in Axes
  7161 | D:7      | Found a snail-covered altar of Cheibriados.
  7205 | D:7      | Found an iron altar of Okawaru.
  7287 | D:7      | Found a sparkling altar of Nemelex Xobeh.
  7287 | D:7      | Found a shimmering blue altar of Sif Muna.
  7374 | D:8      | Found a staircase to the Lair.
  7375 | D:8      | Noticed a komodo dragon
  7392 | D:8      | Killed a komodo dragon
  7475 | D:8      | Found a white marble altar of Elyvilon.
  7531 | D:8      | Reached ***** piety under Trog
  7902 | D:8      | Found a glowing silver altar of Zin.
  8040 | D:9      | Noticed Psyche
  8046 | D:9      | Killed Psyche
  8047 | D:9      | Reached skill level 11 in Axes
  8075 | D:9      | Noticed a two-headed ogre
  8080 | D:9      | Mangled by a two-headed ogre

Illustrated notes

Levels and vault maps discovered:
D:1:      amcnicky_arrival_single_pillar, layout_loops_ring, serial_glass,
          glass_columns_a, glass_columns_a, minmay_hedge_maze
D:2:      kennysheep_the_goblin_king, layout_rooms, lemuel_doored_altar,
          wad_floor_pattern_1
D:3:      layout_loops_cross, chequers_temple_overflow_statue_of_worship,
          lemuel_crystal_altar, uniq_robin, uniq_jessica
D:4:      cheibrodos_pilgrimage, layout_cave_pools,
          nicolae_ru_sacrificial_ziggurat, minmay_temple_entry_antechambers,
          item_on_display_b, uniq_menkaure, uniq_natasha
D:5:      layout_loops_corners, fedhas_altar_fruit_tree,
          okawaru_ov_weapons_minmay
D:6:      layout_basic, uniq_grinder
D:7:      minmay_evil_eye, layout_loops_ring, slow_altar_2, lemuel_round_altar,
          gammafunk_temple_overflow_elements, lemuel_oklob_altar
D:8:      layout_basic, zin_treasury, elyvilon_altar_5, david_lair_shrubbed,
          st_stairs_1
D:9:      layout_basic, serial_shops, shop_coins, uniq_psyche, uniq_maurice

Skill      XL: |  1  2  3  4  5  6  7  8  9 |
---------------+----------------------------+-----
Axes           | 4 5 6 8 9 11 | 11.2
Fighting       | 4 5 6 7 8 |  8.4
Armour         | 3 4 5 6 7 |  7.9
Dodging        | 3 4 5 6 7 |  7.2

Action                   |  1- 3 |  4- 6 |  7- 9 || total
-------------------------+-------+-------+-------++-------
Melee: Hand axe          |   316 |    47 |       ||   363
       Headbutt          |    92 |    10 |    51 ||   153
       Dagger            |       |    75 |       ||    75
       Whip              |       |     3 |    57 ||    60
       Mace              |       |       |   216 ||   216
Invok: Berserk           |     2 |     2 |     4 ||     8
       Trog's Hand       |       |       |     1 ||     1
Armor: Robe              |    12 |       |       ||    12
       Chain mail        |    28 |    59 |   121 ||   208
Dodge: Dodged            |    58 |    68 |   159 ||   285
Block: Other             |       |       |    23 ||    23
       Reflection        |       |       |     1 ||     1
